 Dungeon Crawl Stone Soup version 0.24.0-1-gfbc8707 (webtiles) character file.

Game seed: 12396564487636631092, levelgen mode: deterministic

61 Buxparty the Ducker (level 3, 0/28 HPs)
             Began as a Mummy Gladiator on Jan 5, 2020.
             Slain by a jackal (3 damage)
             ... on level 2 of the Dungeon.
             The game lasted 00:03:46 (2080 turns).

Buxparty the Ducker (Mummy Gladiator)               Turns: 2080, Time: 00:03:46

Health: 0/28       AC:  4    Str: 18    XL:     3   Next: 83%
Magic:  3/3        EV: 12    Int:  7    God:
Gold:   127        SH:  0    Dex: 13    Spells: 2/2 levels left

rFire    x . .     SeeInvis .   a - +0 trident
rCold    + . .     Gourm    .   (no shield)
rNeg     + + +     Faith    .   b - +0 leather armour
rPois    ∞         Spirit   .   c - +0 helmet
rElec    .         Reflect  .   (no cloak)
rCorr    .         Harm     .   (no gloves)
MR       .....                  (no boots)
Stlth    +.........             (no amulet)
HPRegen  0.09/turn              (no ring)
MPRegen  0.08/turn              (no ring)

@: no status effects
A: no food or potions, fire vulnerability, cold resistance 1, negative energy
resistance 3, torment resistance, unbreathing
a: no special abilities


You were on level 2 of the Dungeon.
You were not hungry.

You visited 1 branch of the dungeon, and saw 3 of its levels.

You collected 127 gold pieces.

Inventory:

Hand Weapons
 a - a +0 trident (weapon)
Armour
 b - a +0 leather armour (worn)
 c - a +0 helmet (worn)
Jewellery
 h - an uncursed amulet of rage {unknown}
Scrolls
 e - 3 scrolls of enchant weapon {unknown}
 f - 2 scrolls of identify {unknown}
 g - a scroll of fog {unknown}
 i - 3 scrolls of amnesia {unknown}
 j - 2 scrolls of teleportation {unknown}
 k - a scroll of magic mapping {unknown}
 l - 2 scrolls of blinking {unknown}


   Skills:
 + Level 2.5 Fighting
 + Level 2.8 Polearms
 + Level 2.0 Throwing
 + Level 1.0 Armour
 + Level 2.8 Dodging


You had 2 spell levels left.
You didn't know any spells.
Your spell library was empty.

Dungeon Overview and Level Annotations

Branches:
Dungeon (3/15)

Altars:


Innate Abilities, Weirdness & Mutations

You do not eat or drink.
Your flesh is vulnerable to fire.
You are immune to poison.
Your flesh is cold resistant. (rC+)
You are immune to negative energy. (rN+++)
You are immune to unholy pain and torment.
You can survive without breathing.


Message History

The bat misses you. The bat misses you. The jackal misses you.
There is a stone staircase leading up here.
The jackal misses you.
You climb upwards.
There is a stone staircase leading down here.
You are too injured to fight recklessly!
You are too injured to fight recklessly!
You closely miss the jackal. The jackal misses you.
The jackal bites you but does no damage.
You closely miss the jackal. The jackal bites you.
* * * LOW HITPOINT WARNING * * *
You miss the jackal. The jackal barely misses you. x2
You miss the jackal. The jackal barely misses you.
You hit the jackal but do no damage. The jackal barely misses you. x2
You hit the jackal.
The jackal is severely wounded.
The jackal bites you.
You die...

################## #
##................# #
....##########....# #
##...###...#.#....# #
##..#........#+### #
#..#.#.##..##.## #
#..#.#.........# #
###..#.#.#.......# #
...............h@# #
.##..#.#.#.......# #
.##..#...#...>...# #
.....#####..############ # .###.#
#.............########## .# #.#
#......................# .###.#
#.#...........########.#
...#.#####.#...........########.#
.#.#...................'.........


You could see a jackal.

Vanquished Creatures
  2 adders (D:2)
  An ooze (D:3)
  A worm (D:2)
  3 dart slugs
  A leopard gecko (D:3)
  A ball python (D:2)
  3 bats (D:2)
  5 giant cockroaches
  2 goblins
  2 hobgoblins
  4 frilled lizards
  2 kobolds
  3 rats
30 creatures vanquished.

Notes
Turn   | Place    | Note
-------+----------+-------------------------------------------
     0 | D:1      | Buxparty the Mummy Gladiator began the quest for the Orb.
     0 | D:1      | Reached XP level 1. HP: 16/16 MP: 1/1
   513 | D:1      | Reached XP level 2. HP: 22/22 MP: 2/2
  1018 | D:2      | Reached XP level 3. HP: 26/28 MP: 3/3
  1832 | D:2      | Reached skill level 1 in Armour
  2080 | D:2      | Slain by a jackal

Levels and vault maps discovered:
D:1:      minmay_arrival_four_loops, layout_basic,
          wander_ebering_terrifying_dragon_lair
D:2:      layout_basic, minmay_misc_feat_cross, minmay_fractal_squares_5
D:3:      layout_basic

Skill      XL: |  1  2  3 |
---------------+----------+-----
Throwing       | 2 |  2.0
Armour         | 1 |  1.0
Fighting       | |  2.5
Polearms       | |  2.8
Dodging        | |  2.8

Action                   || total
-------------------------++-------
Melee: Trident           ||   124
Throw: Throwing net      ||     3
 Stab: Sleeping          ||     3
       Distracted        ||     1
Armor: Leather armour    ||    29
Dodge: Dodged            ||    87
